 Dungeon Crawl Stone Soup version 0.31.0-11-ge490571c62 (webtiles) character file.

Game seed: 2021250160580072886

18293 qw the Nimble (level 12, -2/60 HPs)
             Began as a Spriggan Hunter on Feb 3, 2024.
             Was a High Priest of Okawaru.
             Slain by a yak (8 damage)
             ... on level 3 of the Lair of Beasts.
             The game lasted 00:03:00 (9777 turns).

qw the Nimble (Spriggan Hunter)                     Turns: 9777, Time: 00:03:00

Health: -2/60      AC:  5    Str:  7    XL:     12   Next: 26%
Magic:  20/20      EV: 31    Int: 11    God:    Okawaru [*****.]
Gold:   290        SH:  0    Dex: 23    Spells: 11/11 levels left

rFire   . . .        p - +2 arbalest (flame)
rCold   + . .        (shield currently unavailable)
rNeg    . . .        c - +0 robe
rPois   .            (helmet restricted)
rElec   .            h - +2 cloak
rCorr   .            (gloves unavailable)
SInv    +            (boots unavailable)
Will    +++..        (no amulet)
Stlth   ++           j - ring of protection from cold
HPRegen 0.30/turn    k - ring of willpower
MPRegen 0.17/turn

%: no passive effects
@: very quick
A: very small, no large weapons, unfitting armour, see invisible, speed 3
a: Renounce Religion, Heroism, Finesse, Duel


You were on level 3 of the Lair of Beasts.
You worshipped Okawaru.
Okawaru was extremely pleased with you.
You visited 2 branches of the dungeon, and saw 11 of its levels.

You collected 527 gold pieces.
You spent 237 gold pieces at shops.


Innate Abilities, Weirdness & Mutations

You are very small and have problems with some larger weapons.
You are too small for most types of armour.
You have supernaturally acute eyesight. (SInv)
You cover ground extremely quickly. (Speed+++)


   Skills:
 - Level 5.0 Fighting
 + Level 13.6 Ranged Weapons
 - Level 14.1 Dodging
 - Level 1.5 Stealth
 - Level 10.0 Invocations


You had 11 spell levels left.
You didn't know any spells.
Your spell library was empty.

Inventory:

Hand Weapons
 p - a +2 arbalest of flaming (weapon)
Armour
 c - a +0 robe (worn)
 h - a +2 cloak (worn)
Jewellery
 j - a ring of protection from cold (left hand)
 k - a ring of willpower (right hand)
Wands
 a - a wand of paralysis (4)
 n - a wand of acid (6)
Scrolls
 d - 3 scrolls of enchant armour
 e - a scroll of amnesia {unknown}
Potions
 b - a potion of enlightenment
 g - a potion of mutation
 i - 3 potions of might
 l - a potion of haste

Dungeon Overview and Level Annotations

Branches:
Dungeon (8/15)             Temple (0/1) D:6            Lair (3/5) D:8
 Spider (0/4) Lair:3
  Swamp: Lair:2-3    Shoals: Lair:2-3

Altars:
Cheibriados
Dithmenos
Elyvilon
Gozag
Makhleb
Okawaru
Wu Jian
Zin

Shops:
D:5 *   D:7 ?

Annotations:
D:6 exclusion: 18 electric eels
Lair:1 1 runed translucent door, qw's ghost, journeyman DEHu


Message History

You kill the yak!
Okawaru accepts your kill.
You shoot a bolt. The bolt barely misses the blink frog.
The blink frog misses you.
You shoot a bolt. The bolt barely misses the blink frog.
The blink frog completely misses you.
You shoot a bolt.
The bolt hits the blink frog but does no damage.
The blink frog completely misses you.
You shoot a bolt. The bolt hits the blink frog!
The bolt burns the blink frog.
The blink frog is moderately wounded.
The blink frog completely misses you.
You shoot a bolt. The bolt barely misses the blink frog.
You shoot a bolt. The bolt hits the blink frog!
The bolt burns the blink frog.
The blink frog is almost dead.
The blink frog completely misses you. The yak misses you.
You shoot a bolt. The bolt hits the blink frog!
The bolt burns the blink frog.
You kill the blink frog!
Okawaru accepts your kill.
You shoot a bolt. The bolt hits the yak.
The bolt burns the yak.
The yak is lightly wounded.
The yak completely misses you.
You shoot a bolt. The bolt hits the yak!!
The bolt burns the yak.
The yak is severely wounded.
You shoot a bolt. The bolt hits the yak!
The bolt burns the yak.
The yak is almost dead.
The yak barely misses you. The yak gores you.
You shoot a bolt. The bolt hits the yak!
The bolt burns the yak.
You kill the yak!
Okawaru accepts your kill. The yak gores you.
You shoot a bolt. The bolt hits the yak.
The bolt burns the yak.
The yak is lightly wounded.
Your hands slow down.
You shoot a bolt. The bolt hits the yak.
The bolt burns the yak.
The yak is lightly wounded.
The yak completely misses you. The yak barely misses you.
You shoot a bolt. The bolt closely misses the yak.
The yak gores you!
You die...

#. ### ###
.#..######.####.####
.......%...........#
........Y%..%......#
.#...#%##@P..###..##
#P #. ###### #..# #Y
#..# Y. #..# .Y #..#
#.Y ##..## #..
#....# ##...# ##..##


You could see a yak.

Vanquished Creatures
  A boulder beetle (Lair:1)
  A harpy (Lair:3)
  2 black mambas
  5 elephants (Lair:3)
  4 cane toads
  A rime drake (Lair:3)
  3 komodo dragons
  A polar bear (Lair:3)
  6 dream sheep (Lair:2)
  Grinder (D:3)
  A blink frog (Lair:3)
  4 culicivoras (Lair:3)
  2 basilisks
  37 yaks
  A wyvern (Lair:1)
  A steam dragon (D:7)
  9 water moccasins
  Duvessa (D:7)
  5 ice beasts
  2 orc warriors
  2 black bears
  3 sky beasts
  6 wolves (Lair:1)
  3 ogres
  2 kobold brigands (D:8)
  7 bullfrogs
  2 scorpions (D:5)
  5 wights (D:8)
  Dowan (D:7)
  3 electric eels (D:6)
  3 howler monkeys
  7 orc priests
  A jelly (D:8)
  An iguana (D:6)
  2 sleepcaps
  4 orc wizards
  Robin (D:3)
  6 adders
  2 shadow imps
  3 white imps
  An ufetubus (D:4)
  3 dart slugs
  3 ribbon worms
  31 orcs
  4 bats
  6 endoplasms
  5 giant cockroaches
  20 goblins
  6 hobgoblins
  4 jackals (D:3)
  3 quokkas
  7 ball pythons
  15 kobolds
  23 rats
283 creatures vanquished.

Notes
Turn   | Place    | Note
-------+----------+-------------------------------------------
     0 | D:1      | qw the Spriggan Hunter began the quest for the Orb.
     0 | D:1      | Reached XP level 1. HP: 10/10 MP: 2/2
     0 | D:1      | 0 ||| qw: Version: 0.3-a-155-g5e7d8dd
     0 | D:1      | 0 ||| qw: Game counter: 3512
     0 | D:1      | 0 ||| qw: Melee chars always use a shield: true
     0 | D:1      | 0 ||| qw: God list: Okawaru
     0 | D:1      | 0 ||| qw: Allow faded altars: false
     0 | D:1      | 0 ||| qw: Do Orc after clearing Dungeon:15 true
     0 | D:1      | 0 ||| qw: Do second Lair branch before Depths: true
     0 | D:1      | 0 ||| qw: Lair rune preference: random
     0 | D:1      | 0 ||| qw: Goals: Normal
     0 | D:1      | 0 ||| PLANNING D:1-11
   112 | D:1      | Reached skill level 3 in Dodging
   116 | D:1      | HP: 1/10 [frozen (3)]
   231 | D:1      | Reached XP level 2. HP: 14/14 MP: 3/3
   241 | D:1      | Reached skill level 4 in Dodging
   697 | D:1      | 697 ||| UPGRADING to +0 cloak.
   702 | D:1      | 702 ||| READING scroll labelled QARECYI IZEDY.
   703 | D:1      | 703 ||| READING scroll labelled SYAMUC ZEKLURPH.
   704 | D:1      | 704 ||| DRINKING 3 murky ruby potions.
   705 | D:1      | 705 ||| DROPPING scroll of butterflies.
   749 | D:2      | Reached XP level 3. HP: 18/18 MP: 4/4
  1278 | D:2      | 1278 ||| DROPPING scarf of invisibility.
  1279 | D:2      | 1279 ||| READING scroll labelled VAETTI YSTEA.
  1279 | D:2      | 1279 ||| ENCHANTING +0 shortbow.
  1280 | D:2      | 1280 ||| READING 3 scrolls labelled SATUNOSM UXTA.
  1280 | D:2      | 1280 ||| ENCHANTING +0 cloak.
  1281 | D:2      | 1281 ||| READING 2 scrolls of enchant armour.
  1281 | D:2      | 1281 ||| ENCHANTING +1 cloak.
  1282 | D:2      | 1282 ||| READING scroll labelled ZOYKHU UTHOINT.
  1282 | D:2      | 1282 ||| IDENTIFYING cyan potion
  1283 | D:2      | 1283 ||| DROPPING potion of brilliance.
  1558 | D:3      | Reached XP level 4. HP: 22/22 MP: 5/5
  1589 | D:3      | Noticed Robin
  1598 | D:3      | Killed Robin
  1686 | D:3      | Reached skill level 5 in Dodging
  1830 | D:3      | Noticed Grinder
  1841 | D:3      | Killed Grinder
  1842 | D:3      | Reached skill level 3 in Fighting
  1842 | D:3      | Reached XP level 5. HP: 21/29 MP: 6/6
  1842 | D:3      | Reached XP level 6. HP: 24/33 MP: 7/7
  2088 | D:3      | 2088 ||| READING 3 scrolls of identify.
  2088 | D:3      | 2088 ||| IDENTIFYING yellow potion
  2089 | D:3      | 2089 ||| READING 2 scrolls of identify.
  2089 | D:3      | 2089 ||| IDENTIFYING silvery potion
  2090 | D:3      | 2090 ||| READING scroll of identify.
  2090 | D:3      | 2090 ||| IDENTIFYING 2 glowing purple potions
  2091 | D:3      | 2091 ||| DROPPING potion of berserk rage.
  2092 | D:3      | 2092 ||| DROPPING 2 potions of lignification.
  2211 | D:4      | HP: 3/33 [white imp/puff of frost (6)]
  2212 | D:4      | Reached skill level 6 in Ranged Weapons
  2212 | D:4      | 2212 ||| DRINKING 3 potions of heal wounds.
  2223 | D:4      | 2223 ||| FLEEEEING.
  2224 | D:4      | 2224 ||| FLEEEEING.
  2356 | D:4      | 2356 ||| FLEEEEING.
  2360 | D:4      | 2360 ||| FLEEEEING.
  2361 | D:4      | 2361 ||| FLEEEEING.
  2363 | D:4      | 2363 ||| FLEEEEING.
  2364 | D:4      | 2364 ||| FLEEEEING.
  2365 | D:4      | 2365 ||| FLEEEEING.
  2374 | D:4      | Reached XP level 7. HP: 36/37 MP: 8/8
  2603 | D:4      | Identified the +7 whip "Yptarem" {elec, ^Contam rN++ Int+5}
  2695 | D:4      | Reached skill level 6 in Dodging
  2751 | D:4      | Found a snail-covered altar of Cheibriados.
  2824 | D:4      | Found an iron altar of Okawaru.
  2824 | D:4      | Found a white marble altar of Elyvilon.
  2824 | D:4      | Found an opulent altar of Gozag.
  2825 | D:4      | 2825 ||| PLANNING OKAWARU WORSHIP
  2825 | D:4      | 2825 ||| READING scroll of identify.
  2825 | D:4      | 2825 ||| IDENTIFYING clear potion
  2832 | D:4      | Became a worshipper of Warmaster Okawaru
  2833 | D:4      | 2833 ||| PLANNING D:1-11
  3056 | D:5      | Entered Level 5 of the Dungeon
  3119 | D:5      | Found Jaimiqa's Assorted Antiques.
  3126 | D:5      | 3126 ||| BUYING fuming yellow potion (27 gold).
  3126 | D:5      | Bought a fuming yellow potion for 27 gold pieces
  3126 | D:5      | 3126 ||| SHOPLISTING potion of enlightenment (155 gold,
                  | have 150).
  3474 | D:5      | Found a glowing silver altar of Zin.
  3506 | D:5      | Reached skill level 7 in Dodging
  3641 | D:5      | Reached * piety under Okawaru
  3670 | D:5      | Reached XP level 8. HP: 37/42 MP: 9/9
  3738 | D:5      | Reached skill level 1 in Invocations
  3847 | D:5      | 3847 ||| UPGRADING to ring of protection from cold.
  3848 | D:5      | 3848 ||| READING scroll labelled BILIMYO HILEME.
  3850 | D:5      | 3850 ||| Stepping ~*~*~tactically~*~*~ (cloud).
  4215 | D:6      | Reached skill level 3 in Invocations
  4486 | D:6      | 4486 ||| READING 3 scrolls of enchant weapon.
  4486 | D:6      | 4486 ||| ENCHANTING +1 shortbow.
  4487 | D:6      | 4487 ||| READING 2 scrolls of enchant weapon.
  4487 | D:6      | 4487 ||| ENCHANTING +2 shortbow.
  4488 | D:6      | 4488 ||| READING scroll of enchant weapon.
  4488 | D:6      | 4488 ||| ENCHANTING +3 shortbow.
  4727 | D:6      | Found a staircase to the Ecumenical Temple.
  4928 | D:6      | 4928 ||| READING scroll of identify.
  4928 | D:6      | 4928 ||| IDENTIFYING fuming yellow potion
  4979 | D:7      | Noticed Duvessa
  4983 | D:7      | 4983 ||| RETREEEEATING.
  4984 | D:7      | Noticed Dowan
  4985 | D:7      | 4985 ||| RETREEEEATING.
  4987 | D:7      | 4987 ||| RETREEEEATING.
  5004 | D:7      | Killed Duvessa
  5004 | D:7      | Reached ** piety under Okawaru
  5005 | D:7      | Reached skill level 8 in Dodging
  5007 | D:7      | 5007 ||| INVOKING Heroism.
  5027 | D:7      | Killed Dowan
  5028 | D:7      | Reached skill level 9 in Ranged Weapons
  5028 | D:7      | Reached XP level 9. HP: 43/45 MP: 11/13
  5055 | D:7      | HP: 6/45 [steam dragon/ball of steam (6)]
  5056 | D:7      | 5056 ||| DRINKING 2 potions of heal wounds.
  5059 | D:7      | 5059 ||| DRINKING potion of heal wounds.
  5062 | D:7      | Reached skill level 9 in Dodging
  5163 | D:7      | Found Aggoch's Magic Scroll Boutique.
  5189 | D:7      | 5189 ||| SHOPLISTING scroll of acquirement (624 gold, have
                  | 233).
  5189 | D:7      | 5189 ||| BUYING scroll of brand weapon (114 gold).
  5189 | D:7      | Bought a scroll of brand weapon for 114 gold pieces
  5189 | D:7      | 5189 ||| BUYING scroll of identify (24 gold).
  5189 | D:7      | Bought a scroll of identify for 24 gold pieces
  5189 | D:7      | 5189 ||| BUYING scroll of identify (24 gold).
  5189 | D:7      | Bought a scroll of identify for 24 gold pieces
  5189 | D:7      | 5189 ||| BUYING scroll of identify (24 gold).
  5189 | D:7      | Bought a scroll of identify for 24 gold pieces
  5189 | D:7      | 5189 ||| BUYING scroll of identify (24 gold).
  5189 | D:7      | Bought a scroll of identify for 24 gold pieces
  5189 | D:7      | 5189 ||| SHOPLISTING scroll of teleportation (36 gold, have
                  | 23).
  5189 | D:7      | 5189 ||| READING scroll of brand weapon.
  5189 | D:7      | 5189 ||| BRANDING +4 shortbow.
  5765 | D:7      | 5765 ||| UPGRADING to ring of willpower.
  5766 | D:7      | 5766 ||| READING 4 scrolls of identify.
  5766 | D:7      | 5766 ||| IDENTIFYING murky orange potion
  5767 | D:7      | 5767 ||| READING 3 scrolls of identify.
  5767 | D:7      | 5767 ||| IDENTIFYING bubbling golden potion
  5768 | D:7      | 5768 ||| READING 2 scrolls of identify.
  5768 | D:7      | 5768 ||| IDENTIFYING scroll labelled MUOCLE FIBIO
  5769 | D:7      | 5769 ||| DROPPING wand of flame (39).
  5770 | D:7      | 5770 ||| DROPPING potion of invisibility.
  5771 | D:7      | 5771 ||| DROPPING scroll of revelation.
  5804 | D:8      | Reached skill level 10 in Dodging
  5818 | D:8      | Reached *** piety under Okawaru
  5824 | D:8      | HP: 10/45 [orc/+0 war axe (6)]
  5825 | D:8      | 5825 ||| DRINKING potion of heal wounds.
  6079 | D:8      | Found a shadowy altar of Dithmenos.
  6188 | D:8      | 6188 ||| READING scroll of enchant weapon.
  6188 | D:8      | 6188 ||| ENCHANTING +4 shortbow of freezing.
  6202 | D:8      | Found an ornate altar of the Wu Jian Council.
  6202 | D:8      | Found a burning altar of Makhleb.
  6460 | D:8      | Found a staircase to the Lair.
  6493 | D:8      | 6493 ||| PLANNING LAIR
  6493 | D:8      | 6493 ||| READING 2 scrolls of identify.
  6493 | D:8      | 6493 ||| IDENTIFYING fizzy red potion
  6494 | D:8      | 6494 ||| READING scroll of identify.
  6494 | D:8      | 6494 ||| IDENTIFYING scroll labelled NIGUOSTR AMUT
  6494 | D:8      | Identified a scroll of acquirement
  6495 | D:8      | 6495 ||| READING scroll of acquirement.
  6495 | D:8      | 6495 ||| ACQUIRING +4 orcbow of draining
  6495 | D:8      | Acquired a +4 orcbow of draining
  6497 | D:8      | 6497 ||| SWAPPING to +4 orcbow of draining.
  6498 | D:8      | 6498 ||| DROPPING +5 shortbow of freezing.
  6499 | D:8      | 6499 ||| READING scroll labelled TIOSAA QEDA.
  6500 | D:8      | 6500 ||| READING scroll labelled WYASAHERA.
  6617 | Lair:1   | Entered Level 1 of the Lair of Beasts
  6654 | Lair:1   | 6654 ||| RETREEEEATING.
  6657 | Lair:1   | 6657 ||| RETREEEEATING.
  6660 | Lair:1   | 6660 ||| RETREEEEATING.
  6662 | Lair:1   | 6662 ||| RETREEEEATING.
  6664 | Lair:1   | 6664 ||| RETREEEEATING.
  6666 | Lair:1   | 6666 ||| RETREEEEATING.
  6667 | Lair:1   | 6667 ||| RETREEEEATING.
  6668 | Lair:1   | 6668 ||| RETREEEEATING.
  6670 | Lair:1   | Reached skill level 11 in Dodging
  6683 | Lair:1   | Reached **** piety under Okawaru
  6686 | Lair:1   | Noticed a cane toad
  6687 | Lair:1   | 6687 ||| RETREEEEATING.
  6688 | Lair:1   | 6688 ||| RETREEEEATING.
  6691 | Lair:1   | 6691 ||| RETREEEEATING.
  6693 | Lair:1   | 6693 ||| INVOKING Finesse.
  6700 | Lair:1   | Reached XP level 10. HP: 49/49 MP: 8/14
  6712 | Lair:1   | Killed a cane toad
  6756 | Lair:1   | 6756 ||| RETREEEEATING.
  6760 | Lair:1   | 6760 ||| RETREEEEATING.
  6765 | Lair:1   | 6765 ||| RETREEEEATING.
  6766 | Lair:1   | 6766 ||| RETREEEEATING.
  6767 | Lair:1   | 6767 ||| RETREEEEATING.
  6768 | Lair:1   | 6768 ||| RETREEEEATING.
  6769 | Lair:1   | 6769 ||| RETREEEEATING.
  6770 | Lair:1   | 6770 ||| RETREEEEATING.
  6771 | Lair:1   | 6771 ||| RETREEEEATING.
  6772 | Lair:1   | 6772 ||| RETREEEEATING.
  6774 | Lair:1   | 6774 ||| RETREEEEATING.
  6776 | Lair:1   | 6776 ||| INVOKING Finesse.
  6868 | Lair:1   | 6868 ||| RETREEEEATING.
  6884 | Lair:1   | Reached skill level 12 in Dodging
  6884 | Lair:1   | Reached skill level 6 in Invocations
  7157 | Lair:1   | Noticed a boulder beetle
  7158 | Lair:1   | 7158 ||| INVOKING Finesse.
  7175 | Lair:1   | Killed a boulder beetle
  7211 | Lair:1   | Noticed a cane toad
  7212 | Lair:1   | 7212 ||| INVOKING Finesse.
  7218 | Lair:1   | Killed a cane toad
  7265 | Lair:1   | 7265 ||| RETREEEEATING.
  7280 | Lair:1   | 7280 ||| RETREEEEATING.
  7283 | Lair:1   | 7283 ||| RETREEEEATING.
  7289 | Lair:1   | 7289 ||| RETREEEEATING.
  7294 | Lair:1   | 7294 ||| RETREEEEATING.
  7296 | Lair:1   | 7296 ||| RETREEEEATING.
  7301 | Lair:1   | 7301 ||| INVOKING Finesse.
  7307 | Lair:1   | Reached XP level 11. HP: 53/53 MP: 11/17
  7310 | Lair:1   | Reached skill level 12 in Ranged Weapons
  7319 | Lair:1   | Reached ***** piety under Okawaru
  7395 | Lair:1   | 7395 ||| RETREEEEATING.
  7397 | Lair:1   | 7397 ||| RETREEEEATING.
  7398 | Lair:1   | 7398 ||| RETREEEEATING.
  7400 | Lair:1   | 7400 ||| RETREEEEATING.
  7401 | Lair:1   | 7401 ||| RETREEEEATING.
  7406 | Lair:1   | 7406 ||| RETREEEEATING.
  7407 | Lair:1   | 7407 ||| RETREEEEATING.
  7540 | Lair:1   | Found a runed translucent door.
  7542 | Lair:1   | Noticed qw's ghost (journeyman DEHu)
  7827 | Lair:1   | 7827 ||| READING 3 scrolls of identify.
  7827 | Lair:1   | 7827 ||| IDENTIFYING murky inky potion
  7828 | Lair:1   | 7828 ||| READING 2 scrolls of identify.
  7828 | Lair:1   | 7828 ||| IDENTIFYING scroll labelled OPNEON VAUST
  7831 | Lair:1   | 7831 ||| DROPPING potion of degeneration.
  7911 | Lair:2   | 7911 ||| READING scroll of acquirement.
  7911 | Lair:2   | 7911 ||| ACQUIRING +2 arbalest of flaming
  7911 | Lair:2   | Acquired a +2 arbalest of flaming
  7913 | Lair:2   | 7913 ||| SWAPPING to +2 arbalest of flaming.
  7914 | Lair:2   | 7914 ||| DROPPING +4 orcbow of draining.
  7992 | Lair:2   | 7992 ||| RETREEEEATING.
  7993 | Lair:2   | 7993 ||| RETREEEEATING.
  7994 | Lair:2   | 7994 ||| RETREEEEATING.
  7996 | Lair:2   | 7996 ||| RETREEEEATING.
  7998 | Lair:2   | 7998 ||| RETREEEEATING.
  8000 | Lair:2   | 8000 ||| RETREEEEATING.
  8002 | Lair:2   | 8002 ||| RETREEEEATING.
  8007 | Lair:2   | 8007 ||| RETREEEEATING.
  8008 | Lair:2   | 8008 ||| RETREEEEATING.
  8010 | Lair:2   | 8010 ||| RETREEEEATING.
  8012 | Lair:2   | 8012 ||| RETREEEEATING.
  8014 | Lair:2   | 8014 ||| RETREEEEATING.
  8015 | Lair:2   | 8015 ||| RETREEEEATING.
  8016 | Lair:2   | 8016 ||| RETREEEEATING.
  8017 | Lair:2   | 8017 ||| RETREEEEATING.
  8019 | Lair:2   | 8019 ||| RETREEEEATING.
  8020 | Lair:2   | 8020 ||| RETREEEEATING.
  8021 | Lair:2   | 8021 ||| RETREEEEATING.
  8022 | Lair:2   | Received a gift from Okawaru
  8025 | Lair:2   | 8025 ||| RETREEEEATING.
  8027 | Lair:2   | Reached skill level 9 in Invocations
  8148 | Lair:2   | 8148 ||| RETREEEEATING.
  8151 | Lair:2   | 8151 ||| RETREEEEATING.
  8153 | Lair:2   | 8153 ||| RETREEEEATING.
  8156 | Lair:2   | 8156 ||| RETREEEEATING.
  8163 | Lair:2   | 8163 ||| RETREEEEATING.
  8164 | Lair:2   | 8164 ||| RETREEEEATING.
  8165 | Lair:2   | 8165 ||| RETREEEEATING.
  8166 | Lair:2   | 8166 ||| RETREEEEATING.
  8167 | Lair:2   | 8167 ||| RETREEEEATING.
  8168 | Lair:2   | 8168 ||| RETREEEEATING.
  8169 | Lair:2   | 8169 ||| RETREEEEATING.
  8173 | Lair:2   | 8173 ||| RETREEEEATING.
  8175 | Lair:2   | Reached skill level 13 in Dodging
  8177 | Lair:2   | HP: 9/55 [dream sheep (7)]
  8178 | Lair:2   | 8178 ||| READING scroll of teleportation.
  8799 | Lair:2   | HP: 12/55 [poisoned by a black mamba]
  8800 | Lair:2   | 8800 ||| DRINKING potion of curing.
  8800 | Lair:2   | 8800 ||| (to cure poison)
  9232 | Lair:2   | 9232 ||| READING scroll of identify.
  9232 | Lair:2   | 9232 ||| IDENTIFYING smoky green potion
  9233 | Lair:2   | 9233 ||| DROPPING potion of attraction.
  9445 | Lair:3   | 9445 ||| RETREEEEATING.
  9446 | Lair:3   | 9446 ||| RETREEEEATING.
  9447 | Lair:3   | 9447 ||| RETREEEEATING.
  9449 | Lair:3   | 9449 ||| RETREEEEATING.
  9450 | Lair:3   | 9450 ||| RETREEEEATING.
  9451 | Lair:3   | 9451 ||| RETREEEEATING.
  9453 | Lair:3   | 9453 ||| RETREEEEATING.
  9454 | Lair:3   | 9454 ||| RETREEEEATING.
  9462 | Lair:3   | Received a gift from Okawaru
  9464 | Lair:3   | HP: 6/55 [culicivora (11)]
  9465 | Lair:3   | 9465 ||| DRINKING potion of heal wounds.
  9563 | Lair:3   | Found a hole to the Spider Nest.
  9587 | Lair:3   | Noticed a harpy
  9588 | Lair:3   | 9588 ||| INVOKING Finesse.
  9591 | Lair:3   | Killed a harpy
  9626 | Lair:3   | Reached XP level 12. HP: 60/60 MP: 20/20
  9728 | Lair:3   | 9728 ||| INVOKING Finesse.
  9744 | Lair:3   | Reached skill level 14 in Dodging
  9759 | Lair:3   | HP: 9/60 [yak (8)]
  9761 | Lair:3   | Received a gift from Okawaru
  9773 | Lair:3   | HP: 7/60 [yak (4)]
  9777 | Lair:3   | Slain by a yak

Levels and vault maps discovered:
D:1:      eino_arrival_druids_welcome, layout_loops_cross,
          minmay_stone_trees_medium, st_stairs_11
D:2:      layout_loops_ring
D:3:      layout_loops_ring, minmay_fractal_squares_5, uniq_robin, uniq_grinder
D:4:      layout_basic, gammafunk_temple_overflow_claw, slow_altar_1,
          serial_demonic, serial_demonic_d, serial_demonic_g, serial_demonic_a,
          serial_demonic_c, minmay_misc_feat_columns, minmay_rat_hole
D:5:      layout_loops_ring, mainiacjoe_overflow_cross_hatched, serial_shops,
          shop, serial_bayou, serial_bayou_lake_a, serial_bayou_lagoon_b,
          serial_bayou_crossing, serial_bayou_lagoon_a,
          minmay_misc_feat_enclosed
D:6:      minmay_goblin_kobold_castle, layout_basic,
          minmay_temple_entry_drinking_statues
D:7:      layout_loops_ring, serial_shops, nicolae_shop_window_shopping,
          uniq_duvessa
D:8:      layout_basic, lemuel_doored_altar, gammafunk_temple_overflow_statue,
          lair_entry_dummy, serial_corexii_hall, corexii_hall_statues_l,
          corexii_hall_statues_l, chequers_hall_statues_y,
          chequers_hall_statues_corner_a, kennysheep_generic_room_4
Lair:1:   layout_gridlike, ebering_ghost_inner_flame
Lair:2:   layout_regular_city
Lair:3:   kb_forest_paths, layout_long_grid, mainiacjoe_shoals_entry_four_pools,
          hellmonk_spider_entry_life_and_decay, uniq_snorg

Skill      XL: |  1  2  3  4  5  6  7  8  9 10 11 12 |
---------------+-------------------------------------+-----
Dodging        | 3 4 5 7 8 11 12 13 14 | 14.1
Ranged Weapons | 5 6 7 9 10 11 13 | 13.6
Fighting       | 3 4 5 |  5.0
Invocations    | 4 7 10 | 10.0
Stealth        | |  1.5

Action                     |  1- 3 |  4- 6 |  7- 9 | 10-12 || total
---------------------------+-------+-------+-------+-------++-------
   Fire: Shortbow          |   129 |   129 |   452 |       ||   710
         Orcbow            |       |       |    25 |   200 ||   225
         Arbalest          |       |       |       |   191 ||   191
 Invoke: Heroism           |       |       |     1 |       ||     1
         Finesse           |       |       |     1 |     6 ||     7
    Use: Scroll            |     6 |     3 |    16 |     5 ||    30
         Potion            |     1 |     1 |     3 |     2 ||     7
 Armour: Robe              |     7 |    26 |    75 |    57 ||   165
  Dodge: Dodged            |    35 |    76 |   252 |   199 ||   562

Table legend:
 A = Non-vault XP
 B = Vault XP
 C = Vault XP percentage of total XP
 D = Non-vault monster count
 E = Vault monster count
 F = Vault count percentage of total count
                 A         B        C        D         E       F
            +---------+---------+-------+---------+---------+-------
      Total |   23944 |    2190 |   8.4 |     228 |      55 |  19.4
            +---------+---------+-------+---------+---------+-------
        D:1 |      25 |       6 |  19.4 |      15 |       4 |  21.1
        D:2 |      37 |       0 |   0.0 |      12 |       0 |   0.0
        D:3 |      59 |     307 |  83.9 |      22 |      15 |  40.5
        D:4 |     358 |      64 |  15.2 |      26 |      24 |  48.0
        D:5 |     608 |       0 |   0.0 |       9 |       0 |   0.0
        D:6 |     717 |       5 |   0.7 |      19 |       3 |  13.6
        D:7 |    1048 |     216 |  17.1 |      17 |       2 |  10.5
        D:8 |    1026 |     100 |   8.9 |      23 |       2 |   8.0
     Lair:1 |    8535 |       0 |   0.0 |      42 |       0 |   0.0
     Lair:2 |    5888 |       0 |   0.0 |      26 |       0 |   0.0
     Lair:3 |    5643 |    1492 |  20.9 |      17 |       5 |  22.7
            +---------+---------+-------+---------+---------+-------
